 Dungeon Crawl Stone Soup version 0.26.1-11-gd32895ea62 (webtiles) character file.

Game seed: 172274151612340333

67 buriedalive the Chiller (level 3, -6/19 HPs)
             Began as a Deep Elf Ice Elementalist on May 27, 2021.
             Killed from afar by a white imp (12 damage)
             ... with a puff of frost
             ... on level 3 of the Dungeon.
             The game lasted 00:02:53 (2069 turns).

buriedalive the Chiller (Deep Elf Ice Elementalist) Turns: 2069, Time: 00:02:53

Health: -6/19      AC:  5    Str: 11    XL:     3   Next: 98%
Magic:  9/9        EV: 13    Int: 20    God:
Gold:   62         SH:  0    Dex: 15    Spells: 7/8 levels left

rFire    . . .     SeeInvis .   e - +1 dagger
rCold    . . .     Faith    .   (no shield)
rNeg     . . .     Spirit   .   p - +0 leather armour
rPois    .         Reflect  .   c - +2 hat
rElec    .         Harm     .   (no cloak)
rCorr    .         Rampage  .   (no gloves)
Will     .....                  (no boots)
Stlth    ++........             (no amulet)
HPRegen  0.06/turn              q - +6 ring of strength
MPRegen  0.11/turn              (no ring)

@: no status effects
A: no striking features
a: no special abilities


You were on level 3 of the Dungeon.
You visited 1 branch of the dungeon, and saw 3 of its levels.

You collected 62 gold pieces.

Inventory:

Hand Weapons
 e - a +1 dagger (weapon)
Missiles
 b - 107 stones
 d - 11 poisoned darts (quivered)
Armour
 a - a +0 robe
 c - a +2 hat (worn)
 p - a +0 leather armour (worn)
Jewellery
 q - a +6 ring of strength (left hand)
Scrolls
 f - a scroll of amnesia {unknown}
 g - a scroll of remove curse
 i - a scroll of magic mapping {unknown}
Potions
 h - a potion of brilliance
 j - a potion of lignification
 l - a potion of resistance
 n - a potion of ambrosia {unknown}
 o - a potion of mutation {unknown}


   Skills:
 + Level 4.0 Dodging
 - Level 2.4 Stealth
 - Level 3.0 Spellcasting
 + Level 5.3 Ice Magic


You had 7 spell levels left.
You knew the following spells:

 Your Spells              Type           Power        Failure   Level
a - Freeze                Ice            96%          1%          1

Your spell library contained the following spells:

 Spells                   Type           Power        Failure   Level
 Frozen Ramparts          Ice            48%          6%          3
 Ozocubu's Armour         Ice            24%          6%          3
 Hailstorm                Conj/Ice       13%          52%         4
 Summon Ice Beast         Ice/Summ       13%          52%         4


Dungeon Overview and Level Annotations

Branches:
Dungeon (3/15)

Altars:


Message History

The white imp closely misses you.
You barely miss the white imp.
The white imp is heavily wounded.
The white imp barely misses you.
You barely miss the white imp.
The white imp is heavily wounded.
The white imp hits you but does no damage.
You hit the white imp but do no damage.
The white imp is heavily wounded.
The white imp hits you. The white imp freezes you.
You barely miss the white imp.
The white imp is heavily wounded.
The white imp gestures at you. The puff of frost misses you.
You barely miss the white imp.
The white imp is heavily wounded.
The white imp gestures at you. The puff of frost hits you!
Ouch! That really hurt!
You die... ## .5 .# .# .# # #########.##.... #......@5....# ..:#######.##.# .# .# .# .. ##

You could see a white imp.

Vanquished Creatures
  Terence (D:2)
  An adder (D:2)
  An ooze (D:2)
  2 giant cockroaches (D:2)
  3 goblins (D:1)
  3 hobgoblins
  3 jackals (D:1)
  3 kobolds
  3 bats
  A frilled lizard (D:1)
  5 rats
26 creatures vanquished.

Notes
Turn   | Place    | Note
-------+----------+-------------------------------------------
     0 | D:1      | buriedalive the Deep Elf Ice Elementalist began the quest
                  | for the Orb.
     0 | D:1      | Reached XP level 1. HP: 10/10 MP: 6/6
   229 | D:1      | Reached XP level 2. HP: 13/15 MP: 4/8
  1083 | D:2      | Reached skill level 5 in Ice Magic
  1083 | D:2      | Reached XP level 3. HP: 19/19 MP: 9/9
  1391 | D:2      | Noticed Terence
  1406 | D:2      | Killed Terence
  2069 | D:3      | Killed from afar by a white imp

Illustrated notes

Levels and vault maps discovered:
D:1:      lemuel_arrival_lava_pool, layout_rooms
D:2:      layout_basic, uniq_terence
D:3:      layout_loops_ring, general_overflow_altar, old_standard_altar,
          nzn_hepliaklqana_mist_gate, minmay_fractal_squares_diagonal_5,
          uniq_ijyb

Skill      XL: |  1  2  3 |
---------------+----------+-----
Dodging        | 3 4 |  4.0
Ice Magic      | 5 |  5.3
Stealth        | |  2.4
Spellcasting   | |  3.0

Action                   || total
-------------------------++-------
Melee: Dagger            ||    54
Throw: Dart              ||     3
 Cast: Freeze            ||    33
  Use: Scroll            ||     7
       Potion            ||     1
 Stab: Sleeping          ||     3
Armor: Robe              ||    13
       Leather armour    ||     8
Dodge: Dodged            ||    40
